 Dungeon Sprint DCSS version 0.31-a0-875-g02e7d12df6 (webtiles) character file.

Game seed: 5905819665998772537

96012 sircluck the Wrestler (level 14, -15/174 HPs)
             Began as a Troll Berserker on Oct 12, 2023.
             Was the Champion of Trog.
             Killed from afar by a golden dragon (69 damage)
             ... with a bolt of cold
             ... in the Dungeon (Sprint III: "The Ten Rune Challenge").
             The game lasted 00:18:23 (5336 turns).

sircluck the Wrestler (Troll Berserker)             Turns: 5336, Time: 00:18:25

Health: -15/174    AC: 21    Str: 32    XL:     14   Next: 85%
Magic:  13/13      EV: 17    Int:  3    God:    Trog [******]
Gold:   2944       SH: 14    Dex:  9    Spells: 13/13 levels left

rFire   + +          .
                       - Unarmed
rCold   x . .        D - +2 tower shield {reflect}
rNeg    . . .        s - +0 fire dragon scales
rPois   .            q - +2 hat
rElec   .            j - +0 cloak
rCorr   .            (gloves unavailable)
SInv    .            (boots unavailable)
Will    +....        v - amulet of faith Stlth
                     h - +5 ring of evasion
HPRegen 1.29/turn    A - +4 ring of protection
MPRegen 0.13/turn

%: no teleportation, reflection, faith
@: no status effects
A: large, unfitting armour, claws 3, regeneration 1, shaggy fur 1, tough skin 1,
iridescent scales 1, deformed body, sense surroundings 1
}: 2/10 runes: decaying, serpentine
a: Renounce Religion, Berserk, Trog's Hand, Brothers in Arms


You were in the Dungeon.
You worshipped Trog.
Trog was exalted by your worship.
You visited 1 branch You collected 3026 gold pieces.
You spent 82 gold pieces at shops.

Inventory:

Missiles
 t - 12 atropa-tipped darts
 B - 4 large rocks of chaos
 F - 3 large rocks
Armour
 a - a +0 animal skin
 i - a +2 robe
 j - a +0 cloak (worn)
 q - a +2 hat (worn)
 s - +0 fire dragon scales (worn)
 D - a +2 tower shield of reflection (worn)
 E - +0 shadow dragon scales
Jewellery
 h - a +5 ring of evasion (left claw)
 v - an amulet of faith (around neck)
 A - a +4 ring of protection (right claw)
 C - the amulet of Huitzuus {Reflect rN+ Will- Str+5 SH+5}
   (You found it in the Dungeon)

   [amulet of reflection]

   Reflect:   It reflects blocked missile attacks.
   Str+5:     It affects your strength (+5).
   rN+:       It protects you from negative energy.
   Will-:     It decreases your willpower.
   SH+5:      It affects your SH (+5).
Wands
 u - a wand of roots (17)
Scrolls
 g - a scroll of blinking
 l - 2 scrolls of torment {unknown}
 m - a scroll of fog {unknown}
 o - 5 scrolls of identify
 w - a scroll of vulnerability {unknown}
 x - a scroll of fear {unknown}
 y - a scroll of enchant weapon {unknown}
 z - 3 scrolls of revelation
Potions
 b - 4 potions of curing
 c - 2 potions of heal wounds
 d - 2 potions of haste
 e - 2 potions of magic
 f - a potion of berserk rage
 k - a potion of mutation
 n - 3 potions of enlightenment
 r - a potion of attraction {unknown}
Miscellaneous
 p - a lightning rod (4/4)


   Skills:
 + Level 19.6 Fighting
 + Level 14.8 Armour
 + Level 19.5 Dodging
 + Level 5.2 Shields
 + Level 22.7 Unarmed Combat


You had 13 spell levels left.
You didn't know any spells.
Your spell library was empty.

Dungeon Overview and Level Annotations

Branches:
Dungeon (1/1)

Altars:
Cheibriados
Dithmenos
Elyvilon
Fedhas
Gozag
Hepliaklqana
Kikubaaqudgha
Makhleb
Nemelex Xobeh
Okawaru
Qazlal
Ru
Sif Muna
Trog
Uskayaw
Vehumet
Wu Jian
Xom
Yredelemnul
Zin
The Shining One
Jiyva
Lugonu

Shops:
D =?[[(:??[=[=:[[(*!

Annotations:
D exclusions: 2 doors and 4 statues


Innate Abilities, Weirdness & Mutations

You are too large for most types of armour.
You have claws for hands.
Your natural rate of healing is unusually fast.
You are covered in fur. (AC +1)
You have tough skin. (AC +1)
You are partially covered in iridescent scales. (AC +2)
Armour fits poorly on your strangely shaped body.
You passively map a small area around you.


Message History

Something appears at your feet!
You see here the +8 quarterstaff of Zaettirgh {flame, *Rage Fly Dex+4}.
The shadow dragon breathes negative energy at you.
The bolt of negative energy hits you!
You feel drained.
The bolt of negative energy hits your cyclops!!
Your cyclops is drained!
The golden dragon closely misses you.
The golden dragon claws you but does no damage.
The golden dragon barely misses you.
Your life force feels restored.
You claw the golden dragon!
The golden dragon is lightly wounded.
The golden dragon breathes poison at you.
The blast of poison engulfs you!
You are poisoned.
* * * LOW HITPOINT WARNING * * *
Unknown command.
You feel better.
Your cyclops misses the shadow dragon.
The golden dragon bites you but does no damage.
The golden dragon claws you but does no damage.
The golden dragon tramples you.
* * * LOW HITPOINT WARNING * * *
You hold your ground!
The shadow dragon bites you but does no damage.
The shadow dragon misses you.
The shadow dragon claws you but does no damage.
You claw the golden dragon!
The golden dragon is lightly wounded.
Your cyclops hits the shadow dragon but does no damage.
You eviscerate the golden dragon!!!
The golden dragon is heavily wounded.
The shadow dragon bites you but does no damage.
You block the shadow dragon's attack. x2; You block the golden dragon's attack. x2
The golden dragon barely misses you.
Your cyclops hits the shadow dragon!!!
You scratch the golden dragon but do no damage.
The golden dragon is heavily wounded.
The shadow dragon breathes negative energy at you.
The bolt of negative energy misses you. The golden dragon breathes cold at you.
The bolt of cold hits you!!!
You feel a terrible chill!
You die...

**,,,,,..pp..#~~~~~#▓
**,,,,,DpDb.b#.≈≈≈≈#▓
**,,,,,pDp..b#b~C≈.#▓
**,,,,bCpbzbb#~≈b≈~#▓
**,,,,,.Db..p#.b...#▓
**,,,,,..pb.b#.§...#▓
**,,,,,.bb..b#.§§§.#▓
*#################§#▓
*#.))).))'..§†§§@D§#▓
*#.#######...§§§CD§#▓
*#.......#....§§§§§#▓
*#######.#.......§§#▓
*#.......#.........#
*#######'###########
*#.#.#...#.§.....≈†#
~##.#...##≈§§§§§§≈≈#
~#.#.....#§§§§....†#


You could see a shadow dragon (catching breath, ally target), a golden dragon
(catching breath) and a friendly cyclops (summoned, berserk, drained).

Vanquished Creatures
  Sojobo (D)
  A bone dragon (D)
  A lich (D)
  A quicksilver dragon (D)
  Gastronok (D)
  3 shadow dragons (D)
  Chuck (D)
  A nagaraja (D)
  A ghost moth (shapeshifter) (D)
  A ghost moth (D)
  A stone giant (D)
  3 vampire knights (D)
  A yaktaur captain (D)
  6 fire dragons (D)
  Erolcha (D)
  A hydra (D)
  3 vault guards (D)
  An ogre mage (D)
  3 anacondas (D)
  2 centaur warriors (D)
  3 dancing weapons (D)
  Urug (D)
  A naga warrior (D)
  A skyshark (shapeshifter) (D)
  3 skeletal warriors (D)
  A death drake (D)
  2 obsidian statues (D)
  A spriggan druid (D)
  3 deep elf zephyrmancers (D)
  A lindwurm (D)
  3 deep elf pyromancers (D)
  4 ugly things (D)
  A shining eye (shapeshifter) (D)
  3 crystal guardians (D)
  2 elephants (D)
  A guardian serpent (D)
  4 black mambas (D)
  2 cane toads (D)
  A rime drake (D)
  2 guardian mummies (D)
  A komodo dragon (D)
  4 spriggan defenders (D)
  2 tyrant leeches (D)
  A queen bee (D)
  4 orc high priests (D)
  6 blink frogs (D)
  3 wandering mushrooms (D)
  7 slime creatures (D)
  A shadow (D)
  2 spriggans (D)
  5 redbacks (D)
  A spatial vortex (D)
  A naga (D)
  2 water moccasins (D)
  2 hell hounds (D)
  A swamp drake (D)
  4 orc warriors (D)
  5 two-headed ogres (D)
  A necrophage (D)
  A water elemental (D)
  32 killer bees (D)
  An electric eel (D)
  A jelly (D)
  Crazy Yiuf (D)
  An orc priest (D)
  Jessica (D)
  An orc wizard (D)
  A wizard (D)
  5 necromancers (D)
  A kobold demonologist (D)
  3 humans (D)
  An adder (D)
  12 orcs (D)
  An endoplasm (D)
  2 ball python simulacra (D)
  A giant cockroach zombie (D)
  A quokka zombie (D)
  2 rats (D)
  3 butterflies (D)
199 creatures vanquished.

Vanquished Creatures (collateral kills)
  Xtahua (D)
  Rupert (D)
  Harold (D)
  2 dire elephants (D)
  2 hydras (D)
  An anaconda (D)
  4 death yaks (D)
  A dancing weapon (D)
  Joseph (D)
  A crystal guardian (D)
  2 blink frogs (D)
  A naga (D)
  2 water moccasins (D)
  An adder (D)
21 creatures vanquished.

Grand Total: 220 creatures vanquished

Notes
Turn   | Place    | Note
-------+----------+-------------------------------------------
     0 | D        | sircluck the Troll Berserker began the quest for the Orb.
     0 | D        | Reached XP level 1. HP: 22/22 MP: 0/0
    25 | D        | Noticed Jessica
    27 | D        | Killed Jessica
    27 | D        | Reached ** piety under Trog
    28 | D        | Reached skill level 4 in Unarmed Combat
    28 | D        | Reached XP level 2. HP: 32/32 MP: 1/1
    42 | D        | Reached XP level 3. HP: 39/39 MP: 2/2
    68 | D        | Noticed Crazy Yiuf
    74 | D        | Killed Crazy Yiuf
    75 | D        | Reached skill level 5 in Unarmed Combat
    86 | D        | Reached *** piety under Trog
    87 | D        | Reached XP level 4. HP: 16/49 MP: 3/3
   111 | D        | Gained mutation: Your magical capacity is low. (-10% MP)
                  | [potion of mutation]
   111 | D        | Gained mutation: You are vulnerable to heat. (rF-) [potion
                  | of mutation]
   111 | D        | Gained mutation: You have a pair of small horns on your
                  | head. [potion of mutation]
   112 | D        | Lost mutation: You are vulnerable to heat. (rF-) [potion of
                  | mutation]
   112 | D        | Lost mutation: You have a pair of small horns on your head.
                  | [potion of mutation]
   112 | D        | Lost mutation: Your magical capacity is low. (-10% MP)
                  | [potion of mutation]
   112 | D        | Gained mutation: Armour fits poorly on your strangely
                  | shaped body. [potion of mutation]
   112 | D        | Gained mutation: You passively map a small area around you.
                  | [potion of mutation]
   112 | D        | Gained mutation: You are partially covered in iridescent
                  | scales. (AC +2) [potion of mutation]
   130 | D        | Noticed a water elemental
   138 | D        | Killed a water elemental
   139 | D        | Reached skill level 5 in Fighting
   139 | D        | Reached skill level 5 in Dodging
   139 | D        | Reached skill level 6 in Unarmed Combat
   163 | D        | Found a glowing silver altar of Zin.
   163 | D        | Found a glowing golden altar of the Shining One.
   163 | D        | Found a white marble altar of Elyvilon.
   164 | D        | Noticed a deep elf pyromancer
   171 | D        | Killed a deep elf pyromancer
   172 | D        | Reached skill level 9 in Unarmed Combat
   172 | D        | Reached XP level 5. HP: 20/63 MP: 4/4
   172 | D        | Reached XP level 6. HP: 23/72 MP: 5/5
   172 | D        | Reached XP level 7. HP: 25/79 MP: 6/6
   226 | D        | Found a hide-covered altar of Uskayaw.
   226 | D        | Found an iron altar of Okawaru.
   226 | D        | Found a bloodstained altar of Trog.
   226 | D        | Found an ornate altar of the Wu Jian Council.
   226 | D        | Noticed a human
   226 | D        | Noticed a human
   235 | D        | Killed a human
   235 | D        | Reached **** piety under Trog
   238 | D        | Killed a human
   239 | D        | Reached skill level 10 in Unarmed Combat
   261 | D        | Found a radiant altar of Vehumet.
   264 | D        | Found a shimmering blue altar of Sif Muna.
   264 | D        | Found an ancient bone altar of Kikubaaqudgha.
   280 | D        | Found a basalt altar of Yredelemnul.
   280 | D        | Found a shadowy altar of Dithmenos.
   280 | D        | Found a sacrificial altar of Ru.
   281 | D        | Reached ***** piety under Trog
   281 | D        | Received a gift from Trog
   293 | D        | Noticed a shadow
   298 | D        | Killed a shadow
   299 | D        | Reached XP level 8. HP: 63/92 MP: 7/7
   342 | D        | Found a blossoming altar of Fedhas.
   342 | D        | Found a stormy altar of Qazlal.
   342 | D        | Found a snail-covered altar of Cheibriados.
   342 | D        | Found a burning altar of Makhleb.
   342 | D        | Found a shimmering altar of Xom.
   343 | D        | Found a hazy altar of Hepliaklqana.
   343 | D        | Found an opulent altar of Gozag.
   343 | D        | Found a sparkling altar of Nemelex Xobeh.
   343 | D        | Found a corrupted altar of Lugonu.
   343 | D        | Found a viscous altar of Jiyva.
   355 | D        | Reached skill level 11 in Unarmed Combat
   439 | D        | Noticed a two-headed ogre
   449 | D        | Killed a two-headed ogre
   450 | D        | Reached skill level 10 in Fighting
   450 | D        | Reached skill level 10 in Dodging
   456 | D        | Noticed Erolcha
   456 | D        | Noticed a two-headed ogre
   466 | D        | Killed Erolcha
   467 | D        | Reached skill level 12 in Unarmed Combat
   467 | D        | Reached XP level 9. HP: 102/102 MP: 8/8
   467 | D        | Killed a two-headed ogre
   467 | D        | Received a gift from Trog
   476 | D        | Reached skill level 13 in Unarmed Combat
   482 | D        | Noticed a wandering mushroom
   487 | D        | Noticed a wandering mushroom
   489 | D        | Noticed a wandering mushroom
   507 | D        | Killed a wandering mushroom
   513 | D        | Noticed a cane toad
   513 | D        | Noticed a komodo dragon
   513 | D        | Noticed a cane toad
   516 | D        | Killed a komodo dragon
   516 | D        | Received a gift from Trog
   518 | D        | Killed a cane toad
   519 | D        | Reached XP level 10. HP: 115/115 MP: 9/9
   523 | D        | Killed a cane toad
   524 | D        | Reached skill level 14 in Unarmed Combat
   683 | D        | Noticed a lindwurm
   692 | D        | Killed a lindwurm
   694 | D        | Received a gift from Trog
   738 | D        | Noticed Urug
   746 | D        | Killed Urug
   800 | D        | Noticed a seven-headed hydra
   800 | D        | Noticed a six-headed hydra
   804 | D        | Killed a seven-headed hydra
   805 | D        | Reached skill level 15 in Unarmed Combat
   814 | D        | Killed a nine-headed hydra
   856 | D        | Noticed a death drake
   862 | D        | Killed a death drake
   863 | D        | Reached XP level 11. HP: 64/127 MP: 10/10
   951 | D        | Noticed a fire dragon
   951 | D        | Noticed a fire dragon
   972 | D        | Killed a fire dragon
   972 | D        | Identified the +11 halberd "Hackown" {flame, Will+ Str-5
                  | Dex+4} (Trog gifted it to you in the Dungeon)
   972 | D        | Received a gift from Trog
  1229 | D        | Reached skill level 16 in Unarmed Combat
  1231 | D        | Reached skill level 1 in Armour
  1254 | D        | Received a gift from Trog
  1266 | D        | Noticed a dire elephant
  1266 | D        | Noticed a dire elephant
  1277 | D        | Killed a dire elephant
  1281 | D        | Noticed Gastronok
  1294 | D        | Killed Gastronok
  1298 | D        | Killed a dire elephant
  1298 | D        | Reached ****** piety under Trog
  1299 | D        | Reached skill level 5 in Armour
  1379 | D        | Noticed an azure jelly
  1379 | D        | Noticed an azure jelly
  1379 | D        | Noticed an azure jelly
  1380 | D        | Noticed an azure jelly
  1383 | D        | Noticed Rupert
  1389 | D        | Killed Rupert
  1390 | D        | Reached skill level 17 in Unarmed Combat
  1400 | D        | Noticed a death yak
  1400 | D        | Noticed a death yak
  1401 | D        | Noticed a death yak
  1406 | D        | Noticed a death yak
  1406 | D        | Killed a death yak
  1408 | D        | Killed a death yak
  1409 | D        | Reached skill level 15 in Fighting
  1409 | D        | Reached XP level 12. HP: 141/141 MP: 11/11
  1410 | D        | Killed a death yak
  1410 | D        | Received a gift from Trog
  1413 | D        | Killed a death yak
  1414 | D        | Reached skill level 15 in Dodging
  1465 | D        | Received a gift from Trog
  1521 | D        | Noticed an anaconda
  1531 | D        | Killed an anaconda
  1532 | D        | Reached skill level 18 in Unarmed Combat
  1589 | D        | Noticed an anaconda
  1593 | D        | Killed an anaconda
  1609 | D        | Noticed an anaconda
  1609 | D        | Noticed an anaconda
  1614 | D        | Killed an anaconda
  1621 | D        | Killed an anaconda
  1635 | D        | Noticed a naga warrior
  1635 | D        | Noticed a nagaraja
  1660 | D        | Killed a nagaraja
  1660 | D        | Received a gift from Trog
  1662 | D        | Killed a naga warrior
  1716 | D        | Found Qoahuuq's Jewellery Boutique.
  1716 | D        | Found Necveu Pomu's Magic Scroll Emporium.
  1718 | D        | Found Zeclaoj's Antique Armour Shop.
  1738 | D        | Got a serpentine rune of Zot
  1914 | D        | Noticed a fire dragon
  1914 | D        | Noticed a fire dragon
  1921 | D        | Killed a fire dragon
  1928 | D        | Killed a fire dragon
  1933 | D        | Killed a fire dragon
  1933 | D        | Received a gift from Trog
  2004 | D        | Noticed a fire dragon
  2013 | D        | Killed a fire dragon
  2014 | D        | Reached skill level 19 in Unarmed Combat
  2058 | D        | Found Zesy's Antique Weapon Emporium.
  2058 | D        | Found Riun Ydahuf's Book Shop.
  2061 | D        | Found Irphilac's Magic Scroll Shoppe.
  2082 | D        | Noticed a four-headed hydra
  2082 | D        | Noticed Xtahua
  2087 | D        | Killed a four-headed hydra
  2090 | D        | Killed Xtahua
  2091 | D        | Reached XP level 13. HP: 119/154 MP: 12/12
  2098 | D        | Got a decaying rune of Zot
  2153 | D        | Found a blossoming altar of Fedhas.
  2171 | D        | Received a gift from Trog
  2173 | D        | Reached skill level 10 in Armour
  2189 | D        | Killed a ghost moth
  2285 | D        | Received a gift from Trog
  2301 | D        | Identified the +9 battleaxe of the Middle {antimagic, rElec
                  | rC+ Str-4} (Trog gifted it to you in the Dungeon)
  2301 | D        | Received a gift from Trog
  2318 | D        | Received a gift from Trog
  2343 | D        | Noticed Joseph
  2343 | D        | Noticed Harold
  2353 | D        | Killed Harold
  2354 | D        | Killed Joseph
  2420 | D        | Identified the +4 giant club of Ambiguity {flame, rF- rN+
                  | rCorr Dex+4} (Trog gifted it to you in the Dungeon)
  2420 | D        | Received a gift from Trog
  2488 | D        | Reached skill level 20 in Unarmed Combat
  2681 | D        | Received a gift from Trog
  2694 | D        | Killed a ghost moth
  2942 | D        | Noticed a bone dragon
  2956 | D        | Killed a bone dragon
  2982 | D        | Received a gift from Trog
  2992 | D        | Noticed a vampire knight
  2997 | D        | Paralysed by a vampire knight for 2 turns
  3000 | D        | Killed a vampire knight
  3026 | D        | Noticed a vampire knight
  3036 | D        | Killed a vampire knight
  3098 | D        | Noticed a vampire knight
  3107 | D        | Paralysed by something for 2 turns
  3115 | D        | Killed a vampire knight
  3115 | D        | Received a gift from Trog
  3410 | D        | Identified the +1 great sword of Tomorrow {heavy, rPois
                  | Str+3 Int-5} (Trog gifted it to you in the Dungeon)
  3410 | D        | Received a gift from Trog
  3432 | D        | Reached skill level 21 in Unarmed Combat
  3579 | D        | Received a gift from Trog
  3580 | D        | Reached XP level 14. HP: 141/169 MP: 13/13
  3654 | D        | Found Ziacap's Book Emporium.
  3654 | D        | Found Evvowk's Antique Armour Shop.
  3654 | D        | Found Yfewnus's Armour Boutique.
  3654 | D        | Found Payt Fin's Jewellery Boutique.
  3654 | D        | Found Yhiust's Antique Armour Emporium.
  3654 | D        | Found Acuge's Jewellery Shoppe.
  3654 | D        | Found Lallel's Distillery.
  3654 | D        | Found Ceomalakk's Antique Armour Shop.
  3654 | D        | Found Nizuraow's General Store.
  3654 | D        | Found Vuagaj's Magic Scroll Emporium.
  3654 | D        | Found Zotaasaq's Antique Weapon Boutique.
  3951 | D        | Received a gift from Trog
  3982 | D        | Received a gift from Trog
  4195 | D        | Bought a scroll of revelation for 82 gold pieces
  4195 | D        | Noticed an azure jelly
  4195 | D        | Noticed a Brimstone Fiend
  4428 | D        | Found Utuorur's Antique Armour Boutique.
  4447 | D        | Received a gift from Trog
  4456 | D        | Received a gift from Trog
  4525 | D        | Received a gift from Trog
  4537 | D        | Received a gift from Trog
  4651 | D        | Noticed Chuck
  4663 | D        | Killed Chuck
  4678 | D        | Identified the amulet of Huitzuus {Reflect rN+ Will- Str+5
                  | SH+5}
  4693 | D        | Noticed Sojobo
  4731 | D        | Killed Sojobo
  4732 | D        | Reached skill level 22 in Unarmed Combat
  4836 | D        | Noticed a lich
  4843 | D        | Killed a lich
  4843 | D        | Received a gift from Trog
  4844 | D        | Reached skill level 1 in Shields
  4864 | D        | Noticed a shadow dragon
  4877 | D        | Noticed a shadow dragon
  4879 | D        | Killed a shadow dragon
  4881 | D        | Received a gift from Trog
  4887 | D        | Killed a shadow dragon
  5101 | D        | Noticed a quicksilver dragon
  5108 | D        | Noticed a shadow dragon
  5108 | D        | Noticed a quicksilver dragon
  5108 | D        | Noticed a stone giant
  5108 | D        | Noticed a shadow dragon
  5108 | D        | Noticed a golden dragon
  5137 | D        | Received a gift from Trog
  5252 | D        | Noticed a stone giant
  5269 | D        | Killed a stone giant
  5279 | D        | Killed a shadow dragon
  5327 | D        | Killed a quicksilver dragon
  5328 | D        | Reached skill level 5 in Shields
  5331 | D        | Identified the +8 quarterstaff of Zaettirgh {flame, *Rage
                  | Fly Dex+4} (Trog gifted it to you in the Dungeon)
  5331 | D        | Received a gift from Trog
  5336 | D        | Killed from afar by a golden dragon

Illustrated notes

Levels and vault maps discovered:
D:        dungeon_sprint_mu [sprint_mu_entry_cave, sprint_mu_temple_rooms,
          sprint_mu_d1_spiders, sprint_mu_d2_genie, sprint_mu_d3_branching,
          sprint_mu_orc_legion, sprint_mu_elf_gauntlet, sprint_mu_hive_nellie,
          sprint_mu_lair_fedhas, sprint_mu_vaults_butterflies,
          sprint_mu_slime_circle, sprint_mu_swamp_cave, sprint_mu_snake_twists,
          sprint_mu_blade_basic, sprint_mu_crypt_chambers,
          sprint_mu_tomb_spiral, sprint_mu_vestibule_basic,
          sprint_mu_gehenna_hellfire, sprint_mu_dis_giant,
          sprint_mu_tartarus_statrot, sprint_mu_cocytus_islands, sprint_mu_zot1]

Skill      XL: |  1  2  3  4  5  6  7  8  9 10 11 12 13 14 |
---------------+-------------------------------------------+-----
Fighting       | 3 4 7 9 10 11 13 15 16 18 19 | 19.6
Dodging        | 3 4 7 9 10 11 13 14 16 18 19 | 19.5
Unarmed Combat | 4 5 9 10 12 13 15 17 19 21 22 | 22.7
Armour         | 6 9 12 14 | 14.8
Shields        | 5 |  5.2

Action                     |  1- 3 |  4- 6 |  7- 9 | 10-12 | 13-15 || total
---------------------------+-------+-------+-------+-------+-------++-------
  Melee: Unarmed           |    24 |    11 |    83 |   180 |   425 ||   723
         Punch             |       |       |     9 |    16 |    38 ||    63
 Invoke: Berserk           |       |       |       |     5 |     3 ||     8
         Brothers in Arms  |       |       |       |     6 |     6 ||    12
    Use: Potion            |       |     2 |       |       |     2 ||     4
         Scroll            |       |       |       |       |     2 ||     2
   Stab: Distracted        |       |       |       |     1 |       ||     1
 Armour: Animal skin       |     1 |       |       |       |       ||     1
         Robe              |     9 |     6 |    23 |    82 |       ||   120
         Fire dragon scale |       |       |       |    17 |   246 ||   263
  Dodge: Dodged            |     7 |     3 |    38 |   115 |   217 ||   380
  Block: Tower shield      |       |       |       |       |    33 ||    33

Table legend: (Time is in decaauts)
 A = Elapsed time spent in this place.
 B = Non-inter-level travel time spent in this place.
 C = Inter-level travel time spent in this place.
 D = Time resting spent in this place.
 E = Time spent auto-exploring this place.
 F = Levels seen in this place.
 G = Mean time per level.
                   A        B        C        D        E       F      G
               +--------+--------+--------+--------+--------+-----+--------+
         Total |   5206 |   4385 |    821 |   2113 |    727 |   1 | 5206.0 |
       Dungeon |   5206 |   4385 |    821 |   2113 |    727 |   1 | 5206.0 |
               +--------+--------+--------+--------+--------+-----+--------+

Top non-repeatable levels by time:
       D: 5206 daAuts
